 Dungeon Crawl Stone Soup version 0.31-a0-188-g5e087ee2ca (webtiles) character file.

Game seed: 4636012460085927041

209 qw the Skirmisher (level 5, 0/30 HPs)
             Began as a Deep Elf Hunter on June 23, 2023.
             Slain by a jelly (2 damage)
             ... while paralysed by Grinder
             ... on level 4 of the Dungeon.
             The game lasted 00:00:43 (1945 turns).

qw the Skirmisher (Deep Elf Hunter)                 Turns: 1945, Time: 00:00:44

Health: 0/30       AC:  5    Str: 10    XL:     5   Next: 55%
Magic:  7/7        EV:  2    Int: 14    God:
Gold:   140        SH:  0    Dex: 18    Spells: 4/4 levels left

rFire   . . .        Y - +2 shortbow (freeze)
rCold   . . .        (shield currently unavailable)
rNeg    + . .        m - +0 ring mail
rPois   .            (no helmet)
rElec   .            (no cloak)
rCorr   .            (no gloves)
SInv    .            (no boots)
Will    .....        (no amulet)
Stlth   +            d - ring of positive energy
HPRegen 0.25/turn    (no ring)
MPRegen 0.10/turn

%: no passive effects
@: paralysed
A: no striking features
a: no special abilities


You were on level 4 of the Dungeon.
You visited 1 branch of the dungeon, and saw 4 of its levels.

You collected 140 gold pieces.


   Skills:
 + Level 1.8 Fighting
 - Level 9.0 Ranged Weapons
 - Level 2.4 Dodging
 - Level 1.2 Stealth


You had 4 spell levels left.
You didn't know any spells.
Your spell library was empty.

Inventory:

Hand Weapons
 Y - a +2 shortbow of freezing (weapon)
Armour
 m - a +0 ring mail (worn)
Jewellery
 d - a ring of positive energy (left hand)
Scrolls
 a - a scroll of enchant armour {unknown}
 g - a scroll of identify
Potions
 h - a potion of mutation
 j - a potion of haste {unknown}
 k - a potion of curing

Dungeon Overview and Level Annotations

Branches:
Dungeon (4/15)
 Temple: D:4-7

Altars:
Xom

Annotations:
D:4 Grinder


Message History

Done exploring.
Done exploring.
(D) Dungeon
Where to? (* - list waypoints, Enter - D:3, ? - help)
What level of the Dungeon? (default 1, ? - help)
There is a stone staircase leading down here.
You climb downwards.
There is a stone staircase leading up here.
Waypoint 3 assigned to D:4.
a - a scroll labelled ACVECU INYSYW
Found a robe.
Grinder comes into view.
Grinder shouts!
You shoot an arrow. The arrow barely misses Grinder.
A jelly comes into view.
You shoot an arrow. The arrow barely misses Grinder.
You shoot an arrow. The arrow hits Grinder.
Grinder is lightly wounded.
Grinder and a jelly come into view.
You shoot an arrow. The arrow hits Grinder.
Grinder is lightly wounded.
The jelly quivers.
Grinder says, "I used to sell toenails on the black market."
You shoot an arrow. The arrow hits Grinder.
Grinder is moderately wounded.
Grinder barely misses you.
You shoot an arrow. The arrow hits Grinder.
Grinder is heavily wounded.
Grinder hits you.
You writhe in agony.
You shoot an arrow. The arrow barely misses Grinder.
Grinder hits you.
You writhe in agony.
You shoot an arrow. The arrow barely misses Grinder.
The jelly hits you but does no damage. Grinder hits you!
You writhe in agony.
You shoot an arrow. The arrow closely misses Grinder.
The jelly hits you.
You are splashed with acid!
Grinder gestures at you.
You suddenly lose the ability to move!
Grinder blinks!
The jelly hits you but does no damage. The jelly hits you.
You die...

....... .....5.
....... .......
.......
########.......
......J.J......
# #@#
#.########.#
#.#........#
#......#####
###.##.#
###.##.# #
#...[#.# #
#.####.# # #.#
#.#


You could see Grinder and 2 jellies.

Vanquished Creatures
  4 crimson imps
  3 adders (D:3)
  2 worms
  4 orcs (D:3)
  2 endoplasms
  A giant cockroach (D:1)
  3 goblins
  A hobgoblin (D:1)
  2 kobolds
  7 ball pythons
  6 bats
  4 rats
39 creatures vanquished.

Notes
Turn   | Place    | Note
-------+----------+-------------------------------------------
     0 | D:1      | qw the Deep Elf Hunter began the quest for the Orb.
     0 | D:1      | Reached XP level 1. HP: 12/12 MP: 3/3
     0 | D:1      | 0 ||| qw: Version: 0.3-a-9-g12657ce
     0 | D:1      | 0 ||| qw: Game counter: 3464
     0 | D:1      | 0 ||| qw: Always use a shield: true
     0 | D:1      | 0 ||| qw: God list: Okawaru
     0 | D:1      | 0 ||| qw: Allow faded altars: false
     0 | D:1      | 0 ||| qw: Do Orc after D:15 true
     0 | D:1      | 0 ||| qw: Do second Lair branch before Depths: true
     0 | D:1      | 0 ||| qw: Lair rune preference: random
     0 | D:1      | 0 ||| qw: Plans: Normal
     0 | D:1      | 0 ||| PLANNING D:1-11
   140 | D:1      | Reached skill level 6 in Ranged Weapons
   140 | D:1      | Reached XP level 2. HP: 16/16 MP: 4/4
   485 | D:1      | 485 ||| UPGRADING to +0 scale mail.
   495 | D:1      | 495 ||| DROPPING +0 leather armour.
   496 | D:1      | 496 ||| UPGRADING to +0 ring mail.
   506 | D:1      | 506 ||| DROPPING +0 scale mail.
   507 | D:1      | 507 ||| UPGRADING to ring of positive energy.
   508 | D:1      | 508 ||| READING scroll labelled UNIEFU VAASI.
   509 | D:1      | 509 ||| READING scroll labelled XUHOEZ NAAKEL.
   510 | D:1      | 510 ||| READING scroll labelled HUELESCH RUFOET BIE.
   513 | D:1      | 513 ||| READING scroll labelled LOAPSO FANAIC.
   514 | D:1      | 514 ||| DROPPING scroll of butterflies.
  1138 | D:2      | 1138 ||| READING scroll labelled NIMURO TUSU.
  1239 | D:2      | 1239 ||| READING scroll labelled WAACUNINL XOES.
  1240 | D:2      | 1240 ||| READING 2 scrolls labelled NANNUEKK GUUDD.
  1241 | D:2      | 1241 ||| READING scroll of enchant weapon.
  1241 | D:2      | 1241 ||| ENCHANTING +1 shortbow of freezing.
  1242 | D:2      | 1242 ||| READING scroll labelled DES NEL HEOJY.
  1243 | D:2      | 1243 ||| READING 3 scrolls labelled EBIZYO ZABBIO.
  1244 | D:2      | 1244 ||| DRINKING 2 blue potions.
  1245 | D:2      | 1245 ||| READING 2 scrolls of identify.
  1245 | D:2      | 1245 ||| IDENTIFYING bubbling silvery potion
  1246 | D:2      | 1246 ||| DROPPING potion of brilliance.
  1276 | D:3      | Reached XP level 3. HP: 20/20 MP: 5/5
  1369 | D:3      | Reached skill level 7 in Ranged Weapons
  1420 | D:3      | Reached XP level 4. HP: 25/25 MP: 6/6
  1428 | D:3      | Reached skill level 8 in Ranged Weapons
  1432 | D:3      | Reached XP level 5. HP: 18/29 MP: 7/7
  1432 | D:3      | 1432 ||| FLEEEEING.
  1433 | D:3      | 1433 ||| FLEEEEING.
  1434 | D:3      | 1434 ||| FLEEEEING.
  1436 | D:3      | 1436 ||| FLEEEEING.
  1437 | D:3      | 1437 ||| FLEEEEING.
  1438 | D:3      | 1438 ||| FLEEEEING.
  1439 | D:3      | Found a shimmering altar of Xom.
  1443 | D:3      | 1443 ||| FLEEEEING.
  1444 | D:3      | 1444 ||| FLEEEEING.
  1463 | D:3      | 1463 ||| FLEEEEING.
  1464 | D:3      | 1464 ||| FLEEEEING.
  1465 | D:3      | 1465 ||| STAIRDANCE
  1485 | D:2      | 1485 ||| READING scroll labelled NEOCLU HUIKKOO.
  1535 | D:2      | 1535 ||| READING 4 scrolls of identify.
  1535 | D:2      | 1535 ||| IDENTIFYING bubbling sapphire potion
  1536 | D:2      | 1536 ||| READING 3 scrolls of identify.
  1536 | D:2      | 1536 ||| IDENTIFYING puce potion
  1537 | D:2      | 1537 ||| READING 2 scrolls of identify.
  1537 | D:2      | 1537 ||| IDENTIFYING orange potion
  1538 | D:2      | 1538 ||| DROPPING potion of degeneration.
  1539 | D:2      | 1539 ||| DROPPING potion of lignification.
  1543 | D:3      | 1543 ||| STAIRDANCE
  1553 | D:2      | Reached skill level 9 in Ranged Weapons
  1933 | D:4      | Noticed Grinder
  1943 | D:4      | HP: 2/30 [acid (10)]
  1943 | D:4      | Paralysed by Grinder for 5 turns
  1945 | D:4      | Slain by a jelly

Levels and vault maps discovered:
D:1:      wander_arrival_peaceful_grave, layout_basic
D:2:      wander_river, layout_loops_cross, supply_closet_lemuel,
          serial_bayou_crossing
D:3:      layout_basic, led_xom_imps
D:4:      layout_basic, serial_shops, shop, nicolae_shop_overgrown_old_shop,
          shop, shop, nicolae_shop_behind_doors, uniq_menkaure,
          uniq_blork_the_orc, uniq_eustachio, uniq_grinder

Skill      XL: |  1  2  3  4  5 |
---------------+----------------+-----
Ranged Weapons | 6 7 8 9 |  9.0
Fighting       | |  1.8
Dodging        | |  2.4
Stealth        | |  1.2

Action                     |  1- 3 |  4- 6 || total
---------------------------+-------+-------++-------
   Fire: Shortbow          |    64 |    44 ||   108
    Use: Scroll            |    11 |     4 ||    15
         Potion            |     1 |       ||     1
 Armour: Leather armour    |     3 |       ||     3
         Ring mail         |     2 |     6 ||     8
  Dodge: Dodged            |    12 |     7 ||    19

Table legend:
 A = Non-vault XP
 B = Vault XP
 C = Vault XP percentage of total XP
 D = Non-vault monster count
 E = Vault monster count
 F = Vault count percentage of total count
                 A         B        C        D         E       F
            +---------+---------+-------+---------+---------+-------
      Total |     105 |     194 |  64.9 |      35 |       4 |  10.3
            +---------+---------+-------+---------+---------+-------
        D:1 |      22 |       0 |   0.0 |      13 |       0 |   0.0
        D:2 |       8 |      50 |  86.2 |       3 |       1 |  25.0
        D:3 |      75 |     144 |  65.8 |      19 |       3 |  13.6
            +---------+---------+-------+---------+---------+-------
